cohdb
Replays
Latest Replays
All Replays
Popular Replays
Top Player Replays
Match Explorer
How It Works
Community
CoH3 Stats
Reddit
Sign in to upload your games and track your stats! →
Sign in with Steam
Match 46780396
Unlisted
Match 46780396
Overview
Messages
Build Orders
End
Selects Italian Combined Arms Battlegroup
Selects Bersaglieri Squad
Bersaglieri Squad
Bersaglieri Squad
Bersaglieri Squad
Construct Light Support Kompanie
Bersaglieri Squad
2.5-tonne Medical Truck
Panzerjäger Mechanized Group
Selects Semovente da 75/18 Assault Gun
Semovente da 75/18 Assault Gun
Selects Strafing Run
Construct Mechanized Kompanie
Strafing Run
Strafing Run
Selects Pact of Steel
Semovente da 75/18 Assault Gun
Construct Panzerarmee Kommand
Strafing Run
Walking Stuka Rocket Launcher
Selects Bersaglieri Bolster
Selects Breda Model 30 Light Machine Guns
Strafing Run
Emergency Repair Kits
Inzanity
AquaFerret
ETZUMD
Nico-Nico-Nii~~
Serjio Dragonis
Henk
water
Boat Goes Binted
0
0
Comments
sign in to comment!
No comments posted yet!